 Dungeon Crawl Stone Soup version 0.27-a0-1277-g3808f8b1c9 (webtiles) character file.

Game seed: 16385687107165550588

109 Glokmah the Sneak (level 5, -3/31 HPs)
             Began as a Kobold Brigand on June 12, 2021.
             Slain by an orc (6 damage)
             ... on level 3 of the Dungeon.
             The game lasted 00:03:30 (2180 turns).

Glokmah the Sneak (Kobold Brigand)                  Turns: 2180, Time: 00:03:31

Health: -3/31      AC:  2    Str:  9    XL:     5   Next: 13%
Magic:  5/5        EV: 14    Int: 13    God:
Gold:   108        SH:  0    Dex: 16    Spells: 4/4 levels left

rFire    + . .     SeeInvis .   a - +2 dagger
rCold    + . .     Faith    .   (shield restricted)
rNeg     . . .     Spirit   .   b - +0 robe
rPois    .         Reflect  .   (no helmet)
rElec    .         Harm     .   k - scarf {rC+ rF+}
rCorr    .         Rampage  .   (no gloves)
Will     +....                  (no boots)
Stlth    ++++......             (no amulet)
HPRegen  0.10/turn              l - ring of willpower
MPRegen  0.09/turn              (no ring)

@: no status effects
A: small, no large weapons, nightstalker 3
a: no special abilities


You were on level 3 of the Dungeon.
You visited 1 branch of the dungeon, and saw 3 of its levels.

You collected 108 gold pieces.

Inventory:

Hand Weapons
 a - a +2 dagger (weapon)
Missiles
 d - 8 poisoned darts (quivered)
 e - 2 curare-tipped darts
 f - 7 boomerangs
Armour
 b - a +0 robe (worn)
 c - a +0 cloak
 k - a scarf of resistance (worn)
Jewellery
 l - a ring of willpower (left hand)
Scrolls
 h - a scroll of acquirement {unknown}
 j - a scroll of summoning {unknown}
 m - a scroll of immolation {unknown}
 n - a scroll of brand weapon {unknown}
 o - 2 scrolls of teleportation {unknown}
Potions
 g - a potion of invisibility {unknown}
 i - 2 potions of heal wounds {unknown}
 p - a potion of degeneration {unknown}


   Skills:
 + Level 2.7 Fighting
 * Level 4.2 Short Blades
 + Level 2.8 Throwing
 + Level 2.1 Dodging
 * Level 6.4 Stealth


You had 4 spell levels left.
You didn't know any spells.
Your spell library contained the following spells:

 Spells                   Type           Power      Damage    Failure   Level
 Magic Dart               Conj           0%         1d3       30%         1
 Searing Ray              Conj           0%         3d3       43%         2
 Dazzling Flash           Conj/Hex       0%         N/A       67%         3
 Fulminant Prism          Conj/Hex       0%         3d6       97%         4
 Iskenderun's Mystic Bla  Conj/Tloc      0%         2d3       97%         4


Dungeon Overview and Level Annotations

Branches:
Dungeon (3/15)

Altars:
Kikubaaqudgha
Qazlal
Zin


Innate Abilities, Weirdness & Mutations

You are small and have problems with some larger weapons.
You are completely attuned to the shadows.


Message History

The jackal bites you.
Throw: 11 darts (poison)
Press: ? - help, Q - select action, (/) - cycle Shift-Dir - straight line, f/p - jackal
Aim: a jackal (poisoned, 55% to hit)
You throw a poisoned dart. The poisoned dart hits the jackal.
The jackal looks even sicker.
The jackal bites you.
The jackal bites you but does no damage.
Throw: 10 darts (poison)
Press: ? - help, Q - select action, (/) - cycle Shift-Dir - straight line, f/p - jackal
Aim: a jackal (very poisoned, 55% to hit)
Okay, then.
You hit the jackal.
The jackal is heavily wounded.
The jackal closely misses you.
You closely miss the jackal.
The jackal is heavily wounded.
The jackal bites you.
You hit the jackal.
You kill the jackal!
You hit the jackal.
You kill the jackal!
Throw: 10 darts (poison)
Press: ? - help, Q - select action, (/) - cycle Shift-Dir - straight line, f - iguana
Aim: an iguana (65% to hit)
You throw a poisoned dart. The poisoned dart hits the iguana.
The iguana is poisoned.
The orc hits you with a +0 hand axe. The iguana closely misses you.
Throw: 9 darts (poison)
Press: ? - help, Q - select action, (/) - cycle Shift-Dir - straight line, f/p - iguana
Aim: an iguana (poisoned, 65% to hit)
You throw a poisoned dart.
The poisoned dart closely misses the iguana.
The poisoned dart barely misses the hobgoblin.
The orc hits you with a +0 hand axe!
* * * LOW HITPOINT WARNING * * *
The iguana misses you.
Unknown command.
The orc hits you with a +0 hand axe.
You die...

#...)....#......#
###.....>.#.#.####
##......#..###.#
...#.#.##......#
...........#####
#...# #......###
....# #........#
###..###..##.##o##
..........(.gl†@.#
............######
....#.......#
.g..#.......#
....#.......#
....#.......#
#.......#
#.......#
#.......#


You could see an iguana (poisoned), an orc and a hobgoblin.

Vanquished Creatures
  Jessica (D:2)
  3 adders (D:2)
  A worm (D:3)
  A dart slug (D:1)
  8 ball pythons
  2 bats
  3 endoplasms (D:1)
  A giant cockroach (D:2)
  7 goblins
  4 hobgoblins
  7 jackals
  2 quokkas (D:1)
  2 frilled lizards (D:2)
  2 kobolds
  4 rats
48 creatures vanquished.

Notes
Turn   | Place    | Note
-------+----------+-------------------------------------------
     0 | D:1      | Glokmah the Kobold Brigand began the quest for the Orb.
     0 | D:1      | Reached XP level 1. HP: 12/12 MP: 1/1
    60 | D:1      | Found a faded altar of an unknown god.
   110 | D:1      | Reached XP level 2. HP: 17/17 MP: 2/2
   789 | D:1      | Reached XP level 3. HP: 19/22 MP: 3/3
  1201 | D:2      | Noticed Jessica
  1213 | D:2      | Killed Jessica
  1214 | D:2      | Reached skill level 6 in Stealth
  1214 | D:2      | Reached XP level 4. HP: 17/27 MP: 4/4
  1690 | D:3      | Found a stormy altar of Qazlal.
  1690 | D:3      | Found an ancient bone altar of Kikubaaqudgha.
  1690 | D:3      | Found a glowing silver altar of Zin.
  1752 | D:3      | Reached XP level 5. HP: 31/31 MP: 5/5
  2180 | D:3      | Slain by an orc

Illustrated notes

Levels and vault maps discovered:
D:1:      tarquinn_simple_flora_water_a, layout_basic, basic_ecumenical_altar,
          bh_walls_and_bars
D:2:      layout_rooms, uniq_jessica
D:3:      layout_basic, chequers_temple_overflow_statue_of_worship,
          uniq_crazy_yiuf_cottage

Skill      XL: |  1  2  3  4 |
---------------+-------------+-----
Short Blades   | 3 4 |  4.2
Stealth        | 6 |  6.4
Dodging        | 2 |  2.1
Fighting       | |  2.7
Throwing       | |  2.8

Action                   |  1- 3 |  4- 6 || total
-------------------------+-------+-------++-------
Melee: Dagger            |    78 |    46 ||   124
Throw: Dart              |     6 |    12 ||    18
 Stab: Sleeping          |    12 |    11 ||    23
Armor: Robe              |    12 |     3 ||    15
Dodge: Dodged            |    49 |    34 ||    83

Table legend: (Time is in decaauts)
 A = Elapsed time spent in this place.
 B = Non-inter-level travel time spent in this place.
 C = Inter-level travel time spent in this place.
 D = Time resting spent in this place.
 E = Time spent auto-exploring this place.
 F = Levels seen in this place.
 G = Mean time per level.
                   A        B        C        D        E       F      G
               +--------+--------+--------+--------+--------+-----+--------+
         Total |   2165 |   2057 |    108 |     45 |   1569 |   3 |  721.7 |
       Dungeon |   2165 |   2057 |    108 |     45 |   1569 |   3 |  721.7 |
               +--------+--------+--------+--------+--------+-----+--------+

Top non-repeatable levels by time:
     D:1: 1129 daAuts
     D:2: 622 daAuts
     D:3: 414 daAuts
